 Dungeon Crawl Stone Soup version 0.23.1 (webtiles) character file.

Game seed: 0

3592 Irenicus the Geomancer (level 9, -2/68 HPs)
             Began as a Deep Dwarf Earth Elementalist on Mar 3, 2019.
             Was an Initiate of Makhleb.
             Killed from afar by an electric eel (9 damage)
             ... with a bolt of electricity
             ... on level 8 of the Dungeon.
             The game lasted 00:41:43 (4094 turns).

Irenicus the Geomancer (DDEE)                       Turns: 4094, Time: 00:41:44

Health: -2/68      AC:  7    Str: 12    XL:     9   Next: 85%
Magic:  17/17      EV: 12    Int: 19    God:    Makhleb [......]
Gold:   611        SH:  0    Dex: 17    Spells: 5/20 levels left

rFire    . . .     SeeInvis .   g - +0 dagger (drain)
rCold    + . .     Gourm    .   (no shield)
rNeg     . . .     Faith    .   e - +0 leather armour
rPois    +         Spirit   .   (no helmet)
rElec    .         Reflect  .   i - +2 cloak {rPois}
rCorr    .         Harm     .   (no gloves)
MR       +....                  n - +0 pair of boots
Stlth    ++........             (no amulet)
HPRegen  0.00/turn              v - ring of protection from cold {rC+, !d}
MPRegen  0.15/turn              j - +4 ring of dexterity

@: non-regenerating
A: damage resistance, heal wounds, sense surroundings 2, no regeneration
a: Heal Wounds, Renounce Religion


You were on level 8 of the Dungeon.
You worshipped Makhleb.
Makhleb was noncommittal.
You were hungry.

You visited 2 branches of the dungeon, and saw 9 of its levels.
You also visited: Sewer.

You collected 611 gold pieces.

Inventory:

Hand Weapons
 g - a +0 dagger of draining (weapon)
   (You found it on level 2 of the Dungeon)
 h - a +5 mace of crushing
   (You found it on level 1 of the Dungeon)
Missiles
 l - 19 stones (quivered)
Armour
 e - a +0 leather armour (worn)
   (You found it on level 1 of the Dungeon)
 i - a +2 cloak of poison resistance (worn)
   (You took it off Crazy Yiuf on level 4 of the Dungeon)
 n - a +0 pair of boots (worn)
   (You found it on level 2 of the Dungeon)
Jewellery
 j - a +4 ring of dexterity (right hand)
   (You found it on level 1 of the Dungeon)
 m - an uncursed ring of poison resistance {rPois, !d}
   (You found it on level 2 of the Dungeon)
 v - a ring of protection from cold (left hand) {rC+, !d}
   (You found it on level 4 of the Dungeon)
 w - a +2 ring of evasion
   (You found it on level 3 of the Dungeon)
 y - an uncursed ring of wizardry {Wiz+, !d}
   (You found it on level 5 of the Dungeon)
Wands
 b - a wand of enslavement (2)
   (You found it on level 8 of the Dungeon)
 f - a wand of iceblast (8)
   (You found it on level 7 of the Dungeon)
 A - a wand of scattershot (4)
   (You took it off an orc on level 5 of the Dungeon)
 G - a wand of flame (6)
   (You found it on level 8 of the Dungeon)
Scrolls
 a - 7 scrolls of fog
 c - 2 scrolls of amnesia
 k - a scroll of torment {unknown}
 o - a scroll of blinking {unknown}
 r - 3 scrolls of remove curse
 u - 6 scrolls of teleportation
 C - a scroll of summoning {unknown}
 D - a scroll of identify
 E - a scroll of enchant armour
Potions
 p - 6 potions of curing
 q - a potion of resistance
 s - 4 potions of might
 t - 2 potions of brilliance
 z - a potion of mutation {!q}
 B - a potion of magic
 F - a potion of flight
Comestibles
 d - 4 rations
 x - a chunk of flesh {@w0}


   Skills:
 + Level 1.6 Short Blades
 - Level 2.1 Dodging
 + Level 3.7 Stealth
 + Level 6.0 Spellcasting
 - Level 4.5 Conjurations
 - Level 3.1 Transmutations
 - Level 13.0 Earth Magic
 - Level 3.2 Evocations


You had 5 spell levels left.
You knew the following spells:

 Your Spells              Type           Power        Failure   Level  Hunger
a - Sandblast             Erth           ######       1%          1    None
c - Petrify               Tmut/Erth      #####...     5%          4    ####...
w - Passwall              Tmut/Erth      #####...     1%          2    None
x - Stone Arrow           Conj/Erth      #####.       1%          3    ##.....
z - Lee's Rapid Deconstr  Erth           ######....   1%          5    #####..

Your spell library contained the following spells:

 Spells                   Type           Power        Failure   Level  Hunger
 Sting                    Conj/Pois      ##..         5%          1    None
 Poisonous Vapours        Pois/Air       #.....       22%         2    None
 Inner Flame              Hex/Fire       #.......     38%         3    ##.....
 Alistair's Intoxication  Tmut/Pois      ##......     91%         5    #####..
 Ring of Flames           Chrm/Fire      #.........   100%        7    #######


Dungeon Overview and Level Annotations

Branches:
Dungeon (8/15)             Temple (1/1) D:7
   Lair: D:8-11

Altars:
Ashenzari
Cheibriados
Kikubaaqudgha
Makhleb
Nemelex Xobeh
Okawaru
Qazlal
Sif Muna
Uskayaw
Vehumet
Wu Jian
Xom
Yredelemnul
Zin
The Shining One

Shops:
D:6 (   D:8 (

Annotations:
D:6 3 runed translucent doors, Hasart's ghost, novice DEEE


Innate Abilities, Weirdness & Mutations

You are resistant to damage.
You can heal yourself by infusing magical energy.
You passively map the area around you.
You do not regenerate.


Message History

You hit the howler monkey. The howler monkey closely misses you.
You hit the howler monkey. The howler monkey closely misses you.
You hit the howler monkey.
The howler monkey stops moving altogether!
The helpless howler monkey fails to defend itself.
You puncture the howler monkey!
The helpless howler monkey fails to defend itself.
You puncture the howler monkey!
You kill the howler monkey!
Makhleb accepts your kill.
You see here 13 gold pieces.
You see here 13 gold pieces.
You see here 13 gold pieces.
You now have 605 gold pieces (gained 13).
MP restored: 16 Autopickup is now on.
An iguana comes into view.
You see here a wand of enslavement (2).
An ogre comes into view. It is wielding a +0 giant club.
The iguana hisses angrily.
Aim: an iguana The stone arrow hits the iguana!
The iguana closely misses you.
You now have 13/16 mp.
Aim: an iguana (almost dead)
The stone arrow hits the iguana!
You kill the iguana!
Makhleb accepts your kill.
You now have 10/16 mp.
You see here a wand of enslavement (2).
b - a wand of enslavement (2)
You see here an iguana corpse.
You butcher the iguana corpse.
Things that are here:
2 chunks of flesh {@w0}; an iguana skeleton Eat one of 2 chunks of flesh {@w0}? (ye/n/q)
You eat one of the 2 chunks of flesh {@w0}.
The ogre shouts!
You can't see any susceptible monsters within range! (Use Z to cast anyway.)
Aim: an ogre, wielding a +0 giant club (chance to defeat MR: 64%)
The ogre is moving more slowly.
You now have 7/16 mp.
Things that are here:
a chunk of flesh {@w0}; an iguana skeleton
x - a chunk of flesh {@w0} You are feeling hungry.
The ogre stops moving altogether!
The helpless ogre fails to defend itself.
You impale the ogre!! You drain the ogre.
The helpless ogre fails to defend itself.
You puncture the ogre!
The helpless ogre fails to defend itself.
You puncture the ogre! You drain the ogre.
You kill the ogre!
Makhleb accepts your kill.
You see here a +0 giant club.
B - a potion of magic
F - a potion of flight You now have 611 gold pieces (gained 6).
A jelly comes into view.
The jelly jiggles.
Aim: a jelly The stone arrow hits the jelly!
You now have 11/16 mp.
Aim: a jelly (severely wounded)
The blast of sand hits the jelly!!
You kill the jelly!
Makhleb accepts your kill.
Your Spellcasting skill increases to level 6!
l - 19 stones You now have 10/17 mp.
MP restored: 17
There is a transporter here.
You enter the transporter and appear at another place.
You see here a wand of flame (8).
G - a wand of flame (8)
The bullfrog croaks.
You open the door.
Aim: an electric eel The puff of flame hits the electric eel!
The electric eel is engulfed in a cloud of scalding steam.
The electric eel shoots out a bolt of lightning at you!
The bolt of electricity hits you! x2
* * * LOW HITPOINT WARNING * * *
The electric eel shoots out a bolt of lightning at you!
The bolt of electricity hits you!
* * * LOW HITPOINT WARNING * * *
You take 27 damage, and have 7/68 hp.
MASSIVE DAMAGE!!
The electric eel is engulfed in a cloud of scalding steam.
The electric eel shoots out a bolt of lightning at you!
The bolt of electricity misses you.
There is a transporter landing site here.
That's the wrong kind of item! (Use * to select it.)
You don't have any such object.
Okay, then.
Aim: an electric eel The puff of flame misses the electric eel.
The electric eel is engulfed in a cloud of scalding steam.
The electric eel shoots out a bolt of lightning at you!
The bolt of electricity hits you!
You die...

#.##.# #.##.....#.## #.##.#
#...#.##..).# #.##.#
#.##..####... #.##.#####.#
#..##.##. ##### ##.#.....##.#
#..#.o### ....#######...........#
#...#.### ###.......#.....©.....#
#.#o#.... #######.#..#######..#
#.#o#o### #....#8.@.8#F####.....#
**#.#..#P...P#........###
*#........###'###.#####..#####
,,,,......#..#≈...;#...........<#
* #.###.#..#≈...;#.#####..###.# #
#.#..#;...§#.# #...##.#
..#..#;.♣.§#.# #....... * *
..#..#≈...§#.. ###.##.# *,
...#≈...≈#.## , #..#.#


You could see a bullfrog and 4 electric eels.

Vanquished Creatures
  Joseph (D:7)
  Grum (D:8)
  Duvessa (D:4)
  2 sky beasts (D:5)
  An orc warrior (D:7)
  5 ogres
  2 wolves (D:8)
  A centaur (D:6)
  2 big kobolds (D:8)
  6 bullfrogs
  Dowan (D:4)
  A scorpion (D:5)
  4 wights (D:7)
  2 howler monkeys
  3 crimson imps
  2 bullfrog zombies
  A hound (D:5)
  A jelly (D:8)
  Crazy Yiuf (D:4)
  A bullfrog skeleton (D:5)
  4 orc priests
  4 iguanas
  7 orc wizards
  Natasha (thrice) (D:3)
  4 worker ants
  2 hound skeletons
  A worker ant zombie (D:8)
  10 adders
  A howler monkey skeleton (D:6)
  5 river rats (Sewer)
  A shadow imp (D:5)
  2 oozes (Sewer)
  3 adder skeletons
  2 worms (D:5)
  5 dart slugs
  8 leopard geckos
  21 orcs
  16 ball pythons
  7 giant cockroaches
  15 goblins
  7 hobgoblins
  4 jackals (D:5)
  3 quokkas
  7 bats
  7 frilled lizards
  4 kobolds
  A leopard gecko skeleton (D:8)
  27 rats
  A fungus (D:5)
221 creatures vanquished.

Vanquished Creatures (others)
  4 toadstools (D:5)
4 creatures vanquished.

Grand Total: 225 creatures vanquished

Notes
Turn   | Place    | Note
-------+----------+-------------------------------------------
     0 | D:1      | Irenicus the Deep Dwarf Earth Elementalist began the quest
                  | for the Orb.
     0 | D:1      | Reached XP level 1. HP: 15/15 MP: 3/3
   281 | D:1      | Reached XP level 2. HP: 22/22 MP: 2/4
   339 | D:1      | Reached skill level 5 in Earth Magic
   359 | D:1      | Learned a level 2 spell: Passwall
   600 | D:2      | Noticed an ogre
   609 | D:2      | Killed an ogre
   609 | D:2      | Reached skill level 7 in Earth Magic
   609 | D:2      | Reached XP level 3. HP: 21/28 MP: 0/5
   609 | D:2      | Reached XP level 4. HP: 27/36 MP: 0/6
   623 | D:2      | Learned a level 3 spell: Stone Arrow
   910 | D:2      | Reached XP level 5. HP: 15/42 MP: 4/7
  1024 | D:2      | Reached skill level 8 in Earth Magic
  1170 | D:3      | Noticed an ogre
  1176 | D:3      | Killed an ogre
  1176 | D:3      | Reached skill level 9 in Earth Magic
  1176 | D:3      | Reached XP level 6. HP: 14/49 MP: 3/8
  1193 | D:3      | Noticed Natasha
  1200 | D:3      | Killed Natasha
  1200 | D:3      | Reached skill level 1 in Transmutations
  1404 | D:3      | Found a glowing drain.
  1404 | D:3      | Noticed Natasha
  1413 | D:3      | Killed Natasha
  1413 | D:3      | Reached skill level 2 in Spellcasting
  1428 | Sewer    | Entered a sewer
  1509 | Sewer    | Reached skill level 1 in Evocations
  1567 | Sewer    | Reached skill level 2 in Transmutations
  1571 | Sewer    | HP: 12/49 [rat (1)]
  1635 | Sewer    | Reached skill level 2 in Evocations
  1643 | Sewer    | Reached skill level 3 in Evocations
  1643 | Sewer    | Reached XP level 7. HP: 40/55 MP: 4/10
  1697 | D:3      | Noticed Natasha
  1703 | D:3      | Killed Natasha
  1703 | D:3      | Reached skill level 3 in Transmutations
  1949 | D:4      | Reached skill level 3 in Spellcasting
  1957 | D:4      | Learned a level 5 spell: Lee's Rapid Deconstruction
  1970 | D:4      | Noticed Dowan
  1972 | D:4      | HP: 10/55 [Dowan/puff of frost (5)]
  1975 | D:4      | Noticed Duvessa
  1978 | D:4      | Killed Dowan
  1991 | D:4      | Killed Duvessa
  1999 | D:4      | Reached skill level 10 in Earth Magic
  2112 | D:4      | Found a runed translucent door.
  2113 | D:4      | Noticed Crazy Yiuf
  2118 | D:4      | HP: 12/55 [Crazy Yiuf/+2 quarterstaff of chaos (5)]
  2119 | D:4      | Killed Crazy Yiuf
  2239 | D:5      | Entered Level 5 of the Dungeon
  2245 | D:5      | Reached XP level 8. HP: 61/62 MP: 7/11
  2388 | D:5      | Found a snail-covered altar of Cheibriados.
  2400 | D:5      | Reached skill level 11 in Earth Magic
  2552 | D:5      | Reached skill level 12 in Earth Magic
  2787 | D:6      | Reached skill level 13 in Earth Magic
  2804 | D:6      | Found a runed translucent gate.
  2805 | D:6      | Found a runed translucent gate.
  2805 | D:6      | Found a runed translucent gate.
  2820 | D:6      | Found Locs's Weapon Shop.
  2823 | D:6      | Identified the Papyrus of Torrid Intoxication
  3151 | D:6      | Noticed Hasart's ghost (novice DEEE)
  3228 | D:7      | Reached skill level 1 in Conjurations
  3270 | D:7      | Gained mutation: You passively map the area around you.
                  | [Deep Dwarf growth]
  3270 | D:7      | Reached XP level 9. HP: 29/68 MP: 3/13
  3276 | D:7      | Reached skill level 4 in Spellcasting
  3279 | D:7      | HP: 14/68 [wight/+0 dagger (4)]
  3298 | D:7      | Learned a level 4 spell: Petrify
  3313 | D:7      | Reached skill level 2 in Conjurations
  3344 | D:7      | Found a staircase to the Ecumenical Temple.
  3345 | D:7      | Noticed Joseph
  3393 | D:8      | HP: 13/68 [adder skeleton (1)]
  3426 | D:8      | Found a shimmering altar of Xom.
  3469 | D:8      | Noticed Grum
  3473 | D:8      | Killed Grum
  3476 | D:8      | HP: 10/68 [wolf[Grum] (3)]
  3477 | D:8      | Reached skill level 3 in Conjurations
  3569 | D:8      | Reached skill level 5 in Spellcasting
  3620 | D:7      | Killed Joseph
  3620 | D:7      | Reached skill level 4 in Conjurations
  3626 | D:7      | HP: 14/68 [bullfrog (6)]
  3640 | Temple   | Entered the Ecumenical Temple
  3690 | Temple   | Became a worshipper of Makhleb the Destroyer
  3845 | D:8      | Reached skill level 1 in Short Blades
  3845 | D:8      | Reached skill level 3 in Stealth
  3903 | D:8      | Found Zuaz's Antique Weapon Boutique.
  4038 | D:8      | Found a transporter.
  4041 | D:8      | Reached skill level 6 in Spellcasting
  4092 | D:8      | HP: 14/68 [electric eel/bolt of electricity (8)]
  4094 | D:8      | Killed from afar by an electric eel

Skill      XL: |  1  2  3  4  5  6  7  8  9 |
---------------+----------------------------+-----
Earth Magic    | 7 9 10 13 | 13.0
Transmutations | 2 3 |  3.1
Spellcasting   | 2 3 6 |  6.0
Evocations     | 3 |  3.2
Conjurations   | 1 4 |  4.5
Short Blades   | 1 |  1.6
Stealth        | 3 |  3.7
Dodging        | |  2.1

Action                   |  1- 3 |  4- 6 |  7- 9 || total
-------------------------+-------+-------+-------++-------
Melee: Dagger            |    21 |     4 |    25 ||    50
       Mace              |       |    52 |   104 ||   156
 Cast: Sandblast         |    27 |    64 |   100 ||   191
       Passwall          |     3 |     6 |    15 ||    24
       Stone Arrow       |       |       |    26 ||    26
       Lee's Rapid Decon |       |       |     5 ||     5
       Petrify           |       |       |     5 ||     5
 Abil: Heal Wounds       |       |     1 |     4 ||     5
Evoke: Wand              |       |    14 |     4 ||    18
  Use: Potion            |     1 |     4 |     6 ||    11
       Scroll            |       |     5 |    13 ||    18
 Stab: Sleeping          |       |     3 |     7 ||    10
       Petrified         |       |       |    22 ||    22
       Invisible         |       |       |     1 ||     1
  Eat: Chunk             |       |     4 |     6 ||    10
       Ration            |       |       |     2 ||     2
Armor: Leather armour    |     2 |    28 |    33 ||    63
       Skin              |     1 |       |    20 ||    21
Dodge: Dodged            |    22 |    69 |    99 ||   190

Levels and vault maps discovered:
D:1:      dpeg_arrival_more_subterranean_lakeside_camping, layout_basic
D:2:      layout_basic
D:3:      layout_loops_ring, portal_sewer_entry_f, uniq_natasha
D:4:      layout_rooms, uniq_crazy_yiuf_cottage, uniq_duvessa
D:5:      layout_loops_ring, cheibriados_altar_1, first_ration,
          minmay_gold_behind_fungi
D:6:      layout_basic, gammafunk_ghost_necromancy, serial_shops, shop,
          minmay_holes, chequers_serial_rivers_micro_b,
          chequers_serial_rivers_large_a
D:7:      layout_rooms, minmay_temple_entry_glass, uniq_joseph
D:8:      gammafunk_steamed_eel, layout_loops_ring, dpeg_lair_monsters,
          basic_altar, serial_shops, shop, hangedman_ranch
          [blue_anna_fruit_fields], uniq_grum
Temple:   regret_index_temple_chain_breaker
Sewer:    sewer_minmay_w

Table legend:
 A = Turns spent in this place as a percentage of turns spent in the entire game.
 B = Non-inter-level travel turns spent in this place as a percentage of non-inter-level travel turns spent in the entire game.
 C = Inter-level travel turns spent in this place as a percentage of turns spent in this place.
 D = Turns resting spent in this place as a percentage of non-inter-level travel turns spent in this place.
 E = Turns spent auto-exploring this place as a percentage of non-inter-level travel turns spent in this place.
 F = Non-inter-level travel turns spent in this place divided by the number of levels of this place that you've seen.
                   A       B       C       D       E      F
               +-------+-------+-------+-------+-------+----------------------
         Total | 100.0 | 100.0 |   0.0 |   0.1 |   0.0 | 409.4
       Dungeon |  92.4 |  92.4 |   0.0 |   0.1 |   0.0 | 473.0
        Temple |   1.5 |   1.5 |   0.0 |   0.0 |   0.0 |  61.0
         Sewer |   6.1 |   6.1 |   0.0 |   0.0 |   0.0 | 249.0
               +-------+-------+-------+-------+-------+----------------------

Table legend:
 A = Kills in this place as a percentage of kills in entire the game.
 B = Kills by you in this place as a percentage of kills by you in the entire game.
 C = Kills by friends in this place as a percentage of kills by friends in the entire game.
 D = Other kills in this place as a percentage of other kills in the entire game.
 E = Experience gained in this place as a percentage of experience gained in the entire game.
 F = Experience gained in this place divided by the number of levels of this place that you have seen.
                   A       B       C       D       E      F
               +-------+-------+-------+-------+-------+----------------------
         Total | 100.0 | 100.0 |   N/A |   N/A | 100.0 | 513.2
       Dungeon |  78.2 |  78.2 |   N/A |   N/A |  93.5 | 599.8
         Sewer |  21.8 |  21.8 |   N/A |   N/A |   6.5 | 334.0
               +-------+-------+-------+-------+-------+----------------------
